 Dungeon Crawl Stone Soup version 0.29.1-12-g30fa7ad0bf (webtiles) character file.

Game seed: 9817994152240737393

287 EarthwalkerPL the Covered (level 6, 0/55 HPs)
             Began as a Minotaur Fighter on Dec 23, 2022.
             Was an Initiate of Okawaru.
             Slain by a gnoll
             ... wielding a +0 spear
              (3 damage)
             ... on level 4 of the Dungeon.
             The game lasted 00:05:21 (2861 turns).

EarthwalkerPL the Covered (Minotaur Fighter)        Turns: 2861, Time: 00:05:22

Health: 0/55       AC: 12    Str: 23    XL:     6   Next: 8%
Magic:  5/5        EV:  5    Int:  5    God:    Okawaru [......]
Gold:   187        SH:  8    Dex:  9    Spells: 5/5 levels left

rFire   . . .      SeeInvis .   a - +0 war axe
rCold   . . .      Faith    .   l - +0 kite shield
rNeg    . . .      Spirit   .   y - +0 plate armour
rPois   .          Reflect  .   (helmet restricted)
rElec   .          Harm     .   e - scarf {repulsion}
rCorr   .          Rampage  .   (no gloves)
Will    .....                   (no boots)
Stlth   ..........              (no amulet)
HPRegen 0.18/turn               (no ring)
MPRegen 0.09/turn               (no ring)

@: repel missiles
A: horns 2, retaliatory headbutt
a: Renounce Religion


You were on level 4 of the Dungeon.
You worshipped Okawaru.
Okawaru was noncommittal.
You visited 2 branches of the dungeon, and saw 5 of its levels.

You collected 187 gold pieces.

Inventory:

Hand Weapons
 a - a +0 war axe (weapon)
Missiles
 h - 4 curare-tipped darts (quivered)
 s - 7 poisoned darts
Armour
 b - a +0 scale mail
 c - a +0 buckler
 e - a scarf of repulsion (worn)
 l - a +0 kite shield (worn)
 y - a +0 plate armour (worn)
Jewellery
 p - a ring of positive energy
 w - a +6 ring of dexterity
Wands
 q - a wand of polymorph (11)
Scrolls
 f - 4 scrolls of identify {unknown}
 g - 2 scrolls of immolation {unknown}
 k - 3 scrolls of teleportation {unknown}
 m - a scroll of brand weapon {unknown}
 n - a scroll of vulnerability {unknown}
 u - 2 scrolls of amnesia {unknown}
 v - a scroll of enchant weapon {unknown}
 x - 2 scrolls of fear {unknown}
Potions
 d - 2 potions of might
 i - a potion of brilliance {unknown}
 j - 2 potions of attraction {unknown}
 o - 3 potions of curing {unknown}
 r - a potion of lignification {unknown}
 t - a potion of heal wounds {unknown}
 z - a potion of ambrosia {unknown}
 A - a potion of haste {unknown}


   Skills:
 * Level 4.9 Fighting
 * Level 4.0 Axes
 * Level 4.9 Armour
 * Level 2.7 Dodging
 * Level 4.8 Shields


You had 5 spell levels left.
You didn't know any spells.
Your spell library contained the following spells:

 Spells                   Type           Power      Damage    Failure   Level
 Iskenderun's Battlesphe  Conj           0%         2d6       100%        5
 Iron Shot                Conj/Erth      0%         9d1       100%        6
 Spellforged Servitor     Conj/Summ      Unusable   N/A       N/A         7

Dungeon Overview and Level Annotations

Branches:
Dungeon (4/15)             Temple (1/1) D:4

Altars:
Dithmenos
Gozag
Kikubaaqudgha
Nemelex Xobeh
Okawaru
Trog
Uskayaw
Vehumet
Wu Jian
Xom

Annotations:
D:4 1 runed translucent door, joakim's ghost, amateur MiBe


Innate Abilities, Weirdness & Mutations

You have a pair of horns on your head.
You reflexively headbutt those who attack you in melee.


Message History

You continue taking off your +0 scale mail. x4
You finish taking off your +0 scale mail.
You start putting on your armour.
You continue putting on your +0 plate armour. x5
You finish putting on your +0 plate armour.
A hobgoblin comes into view.
The hobgoblin shouts!
Found a scroll labelled NINWOU VAERPHAS and a leather armour.
A gnoll comes into view. It is wielding a +0 halberd.
The gnoll shouts!
You hear a shout!
You block the hobgoblin's attack.
You slash the hobgoblin!
You kill the hobgoblin!
Okawaru accepts your kill.
A gnoll comes into view. It is wielding a +0 club.
A gnoll comes into view. It is wielding a +0 spear.
Found an opulent altar of Gozag.
You block the gnoll's attack.
You closely miss the gnoll. You headbutt the gnoll!
The gnoll is severely wounded.
The gnoll hits you but does no damage. The gnoll hits you with a +0 halberd.
* * * LOW HITPOINT WARNING * * *
You hit the gnoll.
You kill the gnoll!
Okawaru accepts your kill.
Found a sedimented brown potion.
The gnoll hits you with a +0 club.
* * * LOW HITPOINT WARNING * * *
You see here a +0 halberd.
You slash the gnoll!
The gnoll is heavily wounded.
The gnoll hits you but does no damage.
The gnoll hits you from afar with a +0 spear.
* * * LOW HITPOINT WARNING * * *
The gnoll hits you but does no damage. x2
You hit the gnoll.
The gnoll is almost dead.
You block the gnoll's attack. The gnoll hits you with a +0 club.
* * * LOW HITPOINT WARNING * * *
The gnoll hits you with a +0 spear.
You die...

.# .#. .!. .. ##..
.# ..... ###
...#############
#.# ...#..........
..# #g..........[
##.. ..
#@g......... ....
.8.#.)......... ###
...#...........
_...............
......#...........
8...8.#...........
....##...........
###.###.#...#######
###.....#.#...#


You could see 2 gnolls.

Vanquished Creatures
  A scorpion (D:4)
  Ijyb (D:3)
  An iguana (D:4)
  4 gnolls (D:4)
  6 adders
  A worm (D:2)
  2 dart slugs (D:3)
  7 orcs
  6 bats
  6 endoplasms
  4 giant cockroaches
  5 goblins
  8 hobgoblins
  7 kobolds
  4 quokkas
  7 ball pythons
  5 frilled lizards
  5 rats
80 creatures vanquished.

Vanquished Creatures (others)
  A demonic plant (D:1)
1 creature vanquished.

Grand Total: 81 creatures vanquished

Notes
Turn   | Place    | Note
-------+----------+-------------------------------------------
     0 | D:1      | EarthwalkerPL the Minotaur Fighter began the quest for the
                  | Orb.
     0 | D:1      | Reached XP level 1. HP: 19/19 MP: 0/0
   211 | D:1      | Reached XP level 2. HP: 25/27 MP: 1/1
   340 | D:1      | Found a faded altar of an unknown god.
   738 | D:1      | Reached skill level 1 in Dodging
   945 | D:2      | Reached XP level 3. HP: 33/33 MP: 2/2
  1126 | D:2      | Found a hide-covered altar of Uskayaw.
  1900 | D:3      | Noticed Ijyb
  1915 | D:3      | Killed Ijyb
  1916 | D:3      | Reached XP level 4. HP: 38/40 MP: 3/3
  1954 | D:3      | Found a bloodstained altar of Trog.
  2312 | D:3      | Found an ornate altar of the Wu Jian Council.
  2642 | D:4      | Noticed a scorpion
  2649 | D:4      | Killed a scorpion
  2650 | D:4      | Reached XP level 5. HP: 47/47 MP: 4/4
  2650 | D:4      | Found a runed translucent door.
  2676 | D:4      | Noticed joakim's ghost (amateur MiBe)
  2691 | D:4      | Found a staircase to the Ecumenical Temple.
  2713 | Temple   | Entered the Ecumenical Temple
  2723 | Temple   | Became a worshipper of Warmaster Okawaru
  2820 | D:4      | Reached XP level 6. HP: 7/55 MP: 5/5
  2855 | D:4      | Found an opulent altar of Gozag.
  2861 | D:4      | Slain by a gnoll

Illustrated notes

Levels and vault maps discovered:
D:1:      dpeg_arrival_orchard, layout_basic, shapermc_ecumenical_altar_gd
D:2:      layout_basic, basic_altar
D:3:      layout_basic, overflow_temple_1_default, trog_butcher_becter,
          uniq_ijyb
D:4:      layout_rooms, grunt_gozag_statues, general_overflow_altar,
          mainiacjoe_overflow_alcove_1, minmay_temple_entry_water_ring,
          gup_sewer_entry_glass, hellmonk_ghost_happy_afterlife,
          hex_intersection
Temple:   hellmonk_temple_rainy

Skill      XL: |  1  2  3  4  5  6 |
---------------+-------------------+-----
Dodging        | 1 2 |  2.7
Armour         | 4 |  4.9
Fighting       | 4 |  4.9
Shields        | 4 |  4.8
Axes           | 3 4 |  4.0

Action                   |  1- 3 |  4- 6 || total
-------------------------+-------+-------++-------
Melee: War axe           |    87 |    77 ||   164
       Headbutt          |    11 |     9 ||    20
       Unarmed           |    10 |     7 ||    17
 Stab: Confused          |     1 |       ||     1
Armor: Scale mail        |    44 |    28 ||    72
       Skin              |     5 |     3 ||     8
       Plate armour      |       |     4 ||     4
Dodge: Dodged            |    56 |    46 ||   102
Block: Buckler           |    23 |       ||    23
       Kite shield       |     5 |    37 ||    42
